 Dungeon Crawl Stone Soup version 0.29.1-2-gbd0b4ee654 (webtiles) character file.

Game seed: 7119271561070649211

92 RipUnclePhilFR the Trooper (level 4, 0/29 HPs)
             Began as a Gargoyle Fighter on Nov 6, 2022.
             Was an Initiate of Ashenzari.
             Slain by a gnoll
             ... wielding a +0 halberd
              (8 damage)
             ... on level 2 of the Dungeon.
             The game lasted 00:05:04 (1849 turns).

RipUnclePhilFR the Trooper (Gargoyle Fighter)       Turns: 1849, Time: 00:05:04

Health: 0/29       AC: 10    Str: 22    XL:     4   Next: 60%
Magic:  4/4        EV:  9    Int:  8    God:    Ashenzari [......]
Gold:   113        SH:  4    Dex:  9    Spells: 3/3 levels left

rFire   . . .      SeeInvis .   a - +0 flail
rCold   . . .      Faith    .   c - +0 buckler
rNeg    + . .      Spirit   .   b - +0 scale mail
rPois   ∞          Reflect  .   (no helmet)
rElec   +          Harm     .   (no cloak)
rCorr   .          Rampage  .   (no gloves)
Will    .....                   (no boots)
Stlth   ..........              (no amulet)
HPRegen 0.09/turn               (no ring)
MPRegen 0.09/turn               (no ring)

@: no status effects
A: sickness immunity, AC +3, negative energy resistance 1, electricity
resistance, torment resistance 1, petrification resistance
a: Renounce Religion, Curse Item


You were on level 2 of the Dungeon.
You worshipped Ashenzari.
Ashenzari was noncommittal.
You visited 1 branch of the dungeon, and saw 2 of its levels.

You collected 113 gold pieces.

Inventory:

Hand Weapons
 a - a +0 flail (weapon)
Missiles
 f - 29 stones (quivered)
Armour
 b - a +0 scale mail (worn)
 c - a +0 buckler (worn)
Scrolls
 e - a scroll of amnesia {unknown}
 g - a scroll of identify {unknown}
 h - a scroll of teleportation {unknown}
Potions
 d - a potion of might
 i - a potion of heal wounds {unknown}
 j - a potion of lignification {unknown}
 k - 2 potions of curing {unknown}


   Skills:
 + Level 4.0 Fighting
 + Level 2.8 Maces & Flails
 + Level 4.0 Armour
 + Level 4.0 Shields


You had 3 spell levels left.
You didn't know any spells.
Your spell library was empty.

Dungeon Overview and Level Annotations

Branches:
Dungeon (2/15)

Altars:
Ashenzari


Innate Abilities, Weirdness & Mutations

You are immune to sickness and miasma.
Your stone body is resilient. (AC +3)
You are immune to poison.
You resist negative energy. (rN+)
You are resistant to electric shocks. (rElec)
You are resistant to unholy torment.
You are immune to petrification.


Message History

The gnoll closely misses you.
You hit the gnoll.
The gnoll is moderately wounded.
The gnoll misses you.
You hit the gnoll.
The gnoll is heavily wounded.
The gnoll barely misses you.
You hit the gnoll.
The gnoll is severely wounded.
The gnoll barely misses you. You block the gnoll's attack.
You hit the gnoll but do no damage.
The gnoll is severely wounded.
The gnoll hits you but does no damage.
You hit the gnoll.
You kill the gnoll!
Your Shields skill increases to level 4!
No target in view!
No target in view!
Things that are here:
a +0 flail; a gnoll corpse
There is a stone staircase leading down here.
You start resting.
HP restored.
You climb downwards.
There is a stone staircase leading up here.
The gnoll hits you from afar with a +0 halberd.
The gnoll hits you with a +0 halberd!
You are too injured to fight recklessly!
You are too injured to fight recklessly!
You are too injured to fight recklessly!
You are too injured to fight recklessly!
You barely miss the gnoll. The gnoll hits you with a +0 halberd.
* * * LOW HITPOINT WARNING * * *
You hit the gnoll.
The gnoll is heavily wounded.
The gnoll closely misses you.
You barely miss the gnoll.
The gnoll is heavily wounded.
The gnoll hits you with a +0 halberd!
You die...

.# #.#.# #.# #.# .# #.#.#
##.#### #.# .# #.#.###
#.....###.### .# #.#.#.#
#...........#
##.#######.#.#^####.###.....#.#
#.......#'#'#........#.....#.#
#######..................#.#.#
#..........<.#.#####.#.# ####
#........@...........#.#
...#####.......g...##.#######.#
...+....[>...............# #.#
...######......######.##.# #.#
.......#............#....# #.#
######.#.#.########g#.#######.#
.....#.#.#........#.#.........#
####.#.#.###.##.#.#.#.#########
...#+#.#.# #.#..#.#.#.#


You could see a gnoll.

Vanquished Creatures
  3 gnolls
  2 adders (D:2)
  2 ball pythons
  7 endoplasms
  A giant cockroach (D:2)
  3 goblins
  5 hobgoblins
  3 jackals (D:1)
  3 quokkas
  2 bats (D:2)
  3 frilled lizards
  5 kobolds
  4 rats
43 creatures vanquished.

Notes
Turn   | Place    | Note
-------+----------+-------------------------------------------
     0 | D:1      | RipUnclePhilFR the Gargoyle Fighter began the quest for the
                  | Orb.
     0 | D:1      | Reached XP level 1. HP: 14/14 MP: 1/1
    45 | D:1      | Found a faded altar of an unknown god.
    54 | D:1      | Prayed at the altar of an unknown god.
    54 | D:1      | Became a worshipper of Ashenzari the Shackled
   235 | D:1      | Reached XP level 2. HP: 19/19 MP: 2/2
   757 | D:1      | Reached XP level 3. HP: 20/23 MP: 3/3
  1439 | D:2      | Reached XP level 4. HP: 29/29 MP: 4/4
  1849 | D:2      | Slain by a gnoll

Illustrated notes

Levels and vault maps discovered:
D:1:      kennysheep_arrival_seaside, layout_basic,
          hellmonk_ecumenical_altar_run_dry
D:2:      layout_basic, amcnicky_mini_corridor_feature

Skill      XL: |  1  2  3  4 |
---------------+-------------+-----
Fighting       | 4 |  4.0
Armour         | 4 |  4.0
Shields        | 4 |  4.0
Maces & Flails | |  2.8

Action                   |  1- 3 |  4- 6 || total
-------------------------+-------+-------++-------
Melee: Flail             |   107 |    33 ||   140
Armor: Scale mail        |    51 |    13 ||    64
Dodge: Dodged            |    37 |    20 ||    57
Block: Buckler           |    24 |     4 ||    28
